 Dungeon Crawl Stone Soup version 0.29-a0-416-g83a48905f1 (webtiles) character file.

Game seed: 18287384295153479943

350 siradein the Skirmisher (level 6, -1/57 HPs)
             Began as a Ghoul Fighter on May 16, 2022.
             Slain by a black bear (4 damage)
             ... on level 3 of the Dungeon.
             The game lasted 00:07:58 (3677 turns).

siradein the Skirmisher (Ghoul Fighter)             Turns: 3677, Time: 00:07:59

Health: -1/57      AC:  7    Str: 22    XL:     6   Next: 60%
Magic:  5/5        EV:  9    Int:  9    God:
Gold:   192        SH:  9    Dex: 12    Spells: 5/5 levels left

rFire   . . .      SeeInvis .   a - +0 flail
rCold   + . .      Faith    .   c - +0 buckler
rNeg    + + +      Spirit   .   b - +0 scale mail
rPois   ∞          Reflect  +   i - +0 helmet
rElec   .          Harm     .   (no cloak)
rCorr   .          Rampage  .   (no gloves)
Will    .....                   (no boots)
Stlth   ..........              w - amulet of reflection
HPRegen 0.00/turn               s - ring "Jiligh" {Int+6 Dex+4}
MPRegen 0.09/turn               (no ring)

@: inhibited regen
A: claws 1, cold resistance 1, negative energy resistance 3, inhibited
regeneration, torment resistance 2, devour on kill
a: no special abilities


You were on level 3 of the Dungeon.
You visited 1 branch of the dungeon, and saw 4 of its levels.

You collected 192 gold pieces.

Inventory:

Hand Weapons
 a - a +0 flail (weapon)
Armour
 b - a +0 scale mail (worn)
 c - a +0 buckler (worn)
 i - a +0 helmet (worn)
Jewellery
 s - the ring "Jiligh" (left claw) {Int+6 Dex+4}
   (You found it on level 2 of the Dungeon)

   [ring of intelligence]

   Int:       It affects your intelligence (+6).
   Dex:       It affects your dexterity (+4).
 w - an amulet of reflection (around neck)
Scrolls
 e - a scroll of poison {unknown}
 f - a scroll of immolation
 g - a scroll of noise {unknown}
 j - 2 scrolls of fog
 k - 2 scrolls of teleportation
 l - a scroll of enchant armour {unknown}
 n - 2 scrolls of blinking
 p - 2 scrolls of identify {unknown}
 u - a scroll of fear {unknown}
 y - a scroll of magic mapping {unknown}
Potions
 d - a potion of might
 h - 2 potions of brilliance {unknown}
 m - a potion of flight {unknown}
 o - a potion of resistance {unknown}
 q - a potion of ambrosia {unknown}
 r - 2 potions of mutation {unknown}
 v - a potion of degeneration {unknown}
 x - a potion of heal wounds {unknown}
 z - a potion of haste


   Skills:
 + Level 6.0 Fighting
 + Level 4.5 Maces & Flails
 - Level 2.6 Armour
 - Level 2.6 Shields


You had 5 spell levels left.
You didn't know any spells.
Your spell library was empty.

Dungeon Overview and Level Annotations

Branches:
Dungeon (4/15)
 Temple: D:4-7

Altars:
Fedhas

Annotations:
D:4 Dowan, Duvessa


Innate Abilities, Weirdness & Mutations

You are immune to poison.
You have sharp fingernails.
Your flesh is cold resistant. (rC+)
You are immune to negative energy. (rN+++)
You do not regenerate when monsters are visible.
You are immune to unholy pain and torment.
You thrive by killing the living.


Message History

You feel better. You block the howler monkey's attack.
The howler monkey hits you.
The howler monkey hoots and howls with incredible vigour!
Things that are here:
a +0 dagger; a +0 chain mail You sock the howler monkey!
You kill the howler monkey!
You feel better.
Your Fighting skill increases to level 6!
You start resting.
HP restored.
There is a stone staircase leading down here.
You climb downwards.
Level annotation: Dowan, Duvessa The wight hits you with a +3 war axe!
The black bear completely misses you.
The black bear claws you but does no damage.
The black bear barely misses you. The wight hits you with a +3 mace.
There is a stone staircase leading up here.
You block the wight's attack.
The black bear bites you but does no damage.
The black bear claws you but does no damage. x2
The wight hits you with a +3 mace!
You climb upwards.
There is a stone staircase leading down here.
The wight attacks as you move away! You block the wight's attack.
The black bear attacks as you move away!
You block the black bear's attack.
The black bear claws you but does no damage.
You block the black bear's attack. The wight attacks as you move away!
The wight hits you with a +3 war axe! The wight attacks as you move away!
The wight barely misses you. The wight attacks as you move away!
You block the wight's attack. The wight attacks as you move away!
The wight hits you with a +3 mace. The wight attacks as you move away!
The wight hits you with a +3 mace!
* * * LOW HITPOINT WARNING * * *
The black bear attacks as you move away!
The black bear bites you!
* * * LOW HITPOINT WARNING * * *
The black bear claws you.
You die...

#..........# #..........# ####
#>.........# ####... #..........#
#....## #....[>....# #####.#####
########...<....## ##...#...###
#.....##........######.........##
..............(zh...#...........#
...............z@##..............
........(...........[............
.................#####.........#.
.................# ##........#.
................## #####.####....
.......##......## ##.....# ##.#.
......#####.#### #..##### #.##
.##.######..# #.## ######..[
.##........## ##.# #.......#


You could see a black bear and 2 wights.

Vanquished Creatures
  A scorpion (D:4)
  A howler monkey (D:3)
  2 hounds
  Natasha (D:4)
  An orc wizard (D:3)
  4 adders
  3 worms
  2 dart slugs
  9 orcs
  8 bats
  8 endoplasms
  2 giant cockroaches
  7 goblins
  9 hobgoblins
  2 jackals (D:2)
  5 quokkas
  8 ball pythons
  A frilled lizard (D:1)
  8 kobolds
  A rat (D:1)
83 creatures vanquished.

Notes
Turn   | Place    | Note
-------+----------+-------------------------------------------
     0 | D:1      | siradein the Ghoul Fighter began the quest for the Orb.
     0 | D:1      | Reached XP level 1. HP: 19/19 MP: 0/0
   285 | D:1      | Reached XP level 2. HP: 21/26 MP: 1/1
   864 | D:1      | Reached XP level 3. HP: 29/33 MP: 2/2
   922 | D:1      | Reached skill level 4 in Fighting
  1078 | D:1      | Found a faded altar of an unknown god.
  1453 | D:2      | Found a blossoming altar of Fedhas.
  1482 | D:2      | Reached XP level 4. HP: 41/41 MP: 3/3
  1510 | D:2      | Identified the ring "Jiligh" {Int+6 Dex+4}
  2040 | D:3      | Reached XP level 5. HP: 11/47 MP: 4/4
  2328 | D:3      | Reached skill level 5 in Fighting
  2795 | D:4      | Noticed Duvessa
  2795 | D:4      | Noticed Dowan
  3419 | D:4      | Reached XP level 6. HP: 47/57 MP: 5/5
  3496 | D:4      | Noticed Natasha
  3510 | D:4      | Killed Natasha
  3515 | D:4      | Noticed a black bear
  3536 | D:3      | Reached skill level 6 in Fighting
  3677 | D:3      | Slain by a black bear

Illustrated notes

Levels and vault maps discovered:
D:1:      roderic_chinese_lattice_arrival, layout_loops_cross,
          shapermc_ecumenical_altar_hornbeckon
D:2:      layout_loops_ring, basic_altar
D:3:      layout_rooms
D:4:      minmay_spotlight, layout_cave_pools, uniq_natasha, uniq_duvessa

Skill      XL: |  1  2  3  4  5  6 |
---------------+-------------------+-----
Maces & Flails | 2 3 4 |  4.5
Fighting       | 4 5 6 |  6.0
Armour         | |  2.6
Shields        | |  2.6

Action                   |  1- 3 |  4- 6 || total
-------------------------+-------+-------++-------
Melee: Flail             |   117 |   181 ||   298
Throw: Throwing net      |       |     2 ||     2
  Use: Scroll            |       |     4 ||     4
Armor: Scale mail        |    80 |    91 ||   171
Dodge: Dodged            |    56 |    78 ||   134
Block: Buckler           |    30 |    82 ||   112
       Reflection        |       |     4 ||     4

Table legend: (Time is in decaauts)
 A = Elapsed time spent in this place.
 B = Non-inter-level travel time spent in this place.
 C = Inter-level travel time spent in this place.
 D = Time resting spent in this place.
 E = Time spent auto-exploring this place.
 F = Levels seen in this place.
 G = Mean time per level.
                   A        B        C        D        E       F      G
               +--------+--------+--------+--------+--------+-----+--------+
         Total |   3780 |   3650 |    130 |    881 |   1968 |   4 |  945.0 |
       Dungeon |   3780 |   3650 |    130 |    881 |   1968 |   4 |  945.0 |
               +--------+--------+--------+--------+--------+-----+--------+

Top non-repeatable levels by time:
     D:3: 1279 daAuts
     D:1: 1243 daAuts
     D:2: 891 daAuts
     D:4: 366 daAuts
